 Dungeon Crawl Stone Soup version 0.17.1-3-g152610e (webtiles) character file.

1183 Stendarr the Firebug (level 8, -15/67 HPs)
             Began as a Troll Fire Elementalist on Apr 10, 2016.
             Demolished by an orc warrior
             ... wielding a +3 scimitar
              (24 damage)
             ... on level 6 of the Dungeon.
             The game lasted 00:18:00 (4769 turns).

Stendarr the Firebug (Troll Fire Elementalist)      Turns: 4769, Time: 00:18:01

Health: -15/67     AC:  6    Str: 17    XL:     8   Next: 19%
Magic:  6/10       EV: 10    Int: 16    God:
Gold:   219        SH:  0    Dex: 12    Spells: 3 memorised, 3 levels left

rFire  . . .     SeeInvis .     f - +2 dagger (elec)
rCold  . . .     Rnd*Rage +     a - +0 robe
rNeg   . . .     SustAt   .     (no shield)
rPois  .         Gourm    +     (helmet restricted)
rElec  .         Spirit   .     D - +0 cloak
rCorr  .         Warding  .     (gloves unavailable)
rMut   +         Stasis   .     (boots unavailable)
MR     .....                    C - amulet of resist mutation
Stlth  +.........               v - +3 ring of intelligence
                                (no ring)

@: lethally poisoned (-15 -> -20), not resistant to hostile enchantments, very
unstealthy
A: unfitting armour, claws 3, agile 1, berserk 1, fast metabolism 3, gourmand,
regeneration 2, shaggy fur 1, tough skin 2
a: no special abilities


You were on level 6 of the Dungeon.
You were full.

You visited 1 branch of the dungeon, and saw 6 of its levels.

You collected 219 gold pieces.

Inventory:

Hand Weapons
 e - a +0 dagger of venom
 f - a +2 dagger of electrocution (weapon)
 q - a +1 short sword of speed
Missiles
 h - 32 poisoned needles
Armour
 a - a +0 robe (worn)
 D - a +0 cloak (worn)
Jewellery
 v - a +3 ring of intelligence (right claw)
 w - an uncursed ring of loudness
 C - an amulet of resist mutation (around neck)
Wands
 p - a wand of draining (2)
Scrolls
 d - a scroll of blinking
 g - 2 scrolls of fear
 j - a scroll of remove curse
 o - 2 scrolls of identify
 r - 3 scrolls of fog
 t - 2 scrolls of amnesia
 y - a scroll of noise {unknown}
 z - a scroll of recharging {unknown}
 A - a scroll of enchant armour {unknown}
 B - a scroll of teleportation {unknown}
Potions
 i - a potion of mutation {unknown}
 l - 2 potions of cancellation {unknown}
 m - 2 potions of poison
 s - a potion of heal wounds {unknown}
 x - a potion of berserk rage {unknown}
Books
 b - a book of Flames

   Spells                             Type                      Level
   a - Flame Tongue                   Conjuration/Fire             1
   b - Throw Flame                    Conjuration/Fire             2
   c - Conjure Flame                  Conjuration/Fire             3
   d - Inner Flame                    Hexes/Fire                   3
   e - Sticky Flame                   Conjuration/Fire             4
   f - Fireball                       Conjuration/Fire             5
Comestibles
 c - 6 bread rations
 k - 2 meat rations
 n - a royal jelly
 u - 8 fruits


   Skills:
 - Level 1.5 Dodging
 - Level 1.1 Stealth
 + Level 2.1 Spellcasting
 + Level 5.0 Conjurations
 + Level 5.4 Fire Magic


You had 3 spell levels left.
You knew the following spells:

 Your Spells              Type           Power        Failure   Level  Hunger
a - Flame Tongue          Conj/Fire      ###..        2%          1    #......
b - Conjure Flame         Conj/Fire      ###.....     10%         3    ###....
c - Sticky Flame          Conj/Fire      ###.....     28%         4    #####..


Dungeon Overview and Level Annotations

Branches:
Dungeon (6/15)
 Temple: D:4-7

Altars:

Shops:
D:4 (   D:5 ?   D:6 }


Innate Abilities, Weirdness & Mutations

You are too large for most types of armour.
You have claws for hands.
Your metabolism is lightning-fast.
You like to eat raw meat.
You heal very quickly.
You are covered in fur (AC +1).
You have very tough skin (AC +2).
You are agile. (Dex +2)
You tend to lose your temper in combat.


Message History

Confirm with . or Enter, or press ? or * to list all spells.
Aiming: Flame Tongue
Press: ? - help, Shift-Dir - straight line, f/p - orc warrior
Aim: an orc warrior, wielding an enchanted scimitar and wearing a chain mail (heavily wounded)
The flame tongue hits the orc warrior.
The orc warrior is severely wounded.
The orc warrior hits you with an enchanted scimitar!
* * * LOW HITPOINT WARNING * * *
Unknown command.
The orc priest mumbles some strange prayers to Beogh against you.
Something smites you!
* * * LOW HITPOINT WARNING * * *
Drink which item? (? for menu, Esc to quit)
It was a potion of poison.
That liquid tasted very nasty...
You are poisoned.
You feel sick.
The orc priest calls upon Beogh to heal the orc warrior.
The orc warrior is healed somewhat.
The orc warrior hits you with an enchanted scimitar!!
You die...

#.# #.# #.#
#.# #.# #.#
#.# #.# #@#
#o# #.#
####.. #.#
......
#o######
...........#
#...o..#
...... ....
######.#
...... #..#
#.#
#.....##..#
#o#


You could see an orc warrior and an orc priest.

Vanquished Creatures
  Sigmund (D:3)
  3 ice beasts
  2 sky beasts
  3 ogres
  A scorpion (D:4)
  A hound (D:4)
  A giant frog skeleton (D:4)
  2 worker ants
  2 orc wizards (D:4)
  A hound skeleton (D:4)
  4 adders
  A shadow imp (D:5)
  2 oozes (D:2)
  6 worms
  3 giant geckos
  10 orcs
  15 bats
  5 giant cockroaches
  6 hobgoblins
  A quokka (D:3)
  2 ball pythons
  7 giant newts
  4 goblins
  A jackal skeleton (D:4)
  4 kobolds
  7 rats
95 creatures vanquished.

Notes
Turn   | Place    | Note
--------------------------------------------------------------
     0 | D:1      | Stendarr the Troll Fire Elementalist began the quest for the Orb.
     0 | D:1      | Reached XP level 1. HP: 16/16 MP: 1/1
   136 | D:1      | Reached skill level 1 in Conjurations
   241 | D:1      | Reached XP level 2. HP: 22/24 MP: 2/2
   850 | D:2      | Reached XP level 3. HP: 19/31 MP: 1/3
  1282 | D:2      | Reached XP level 4. HP: 39/39 MP: 4/4
  1951 | D:3      | Noticed Sigmund
  2094 | D:3      | Killed Sigmund
  2094 | D:3      | Reached skill level 3 in Conjurations
  2094 | D:3      | Reached XP level 5. HP: 17/45 MP: 0/5
  2366 | D:3      | Reached XP level 6. HP: 53/53 MP: 6/6
  2838 | D:4      | Learned a level 3 spell: Conjure Flame
  2919 | D:4      | Reached skill level 4 in Conjurations
  3063 | D:4      | Found Taxit's Antique Weapon Shop.
  3112 | D:4      | Reached XP level 7. HP: 44/59 MP: 0/7
  3253 | D:4      | HP: 1/59 [worker ant (8)]
  3814 | D:5      | Entered Level 5 of the Dungeon
  3814 | D:5      | Found Qulasch's Magic Scroll Shoppe.
  3848 | D:5      | Reached skill level 5 in Fire Magic
  4071 | D:5      | Gained mutation: You are agile. (Dex +2) [mutagenic meat]
  4072 | D:5      | Gained mutation: You tend to lose your temper in combat. [mutagenic meat]
  4172 | D:5      | Reached XP level 8. HP: 67/67 MP: 5/9
  4334 | D:5      | Learned a level 4 spell: Sticky Flame
  4590 | D:6      | Reached skill level 5 in Conjurations
  4710 | D:6      | Found Gazakecomp's Gadget Emporium.
  4769 | D:6      | Demolished by an orc warrior

Action                   |  1- 3 |  4- 6 |  7- 9 || total
-------------------------+-------+-------+-------++-------
Melee: Dagger            |   113 |   155 |    52 ||   320
       Unarmed           |     1 |       |       ||     1
 Cast: Flame Tongue      |     6 |    19 |    75 ||   100
       Conjure Flame     |       |     1 |       ||     1
  Use: Scroll            |       |     6 |       ||     6
       Potion            |       |       |     4 ||     4
 Stab: Sleeping          |     4 |     2 |       ||     6
  Eat: Chunk             |    18 |    16 |    16 ||    50
